 Dungeon Crawl Stone Soup version 0.26.1-10-gdfb7c7de75 (webtiles) character file.

Game seed: 3552003604955911806

27 Darold the Sneak (level 3, -1/19 HPs)
             Began as a Kobold Enchanter on Mar 30, 2021.
             Slain by an adder (4 damage)
             ... on level 2 of the Dungeon on Mar 31, 2021.
             The game lasted 00:26:00 (1757 turns).

Darold the Sneak (Kobold Enchanter)                 Turns: 1757, Time: 00:26:00

Health: -1/19      AC:  2    Str:  5    XL:     3   Next: 25%
Magic:  6/6        EV: 15    Int: 16    God:
Gold:   31         SH:  0    Dex: 16    Spells: 6/7 levels left

rFire    . . .     SeeInvis .   a - +1 dagger
rCold    . . .     Faith    .   (shield restricted)
rNeg     . . .     Spirit   .   b - +0 robe
rPois    .         Reflect  .   (no helmet)
rElec    .         Harm     .   (no cloak)
rCorr    .         Rampage  .   (no gloves)
Will     .....                  (no boots)
Stlth    ++........             (no amulet)
HPRegen  0.06/turn              (no ring)
MPRegen  0.10/turn              (no ring)

@: glowing
A: small, nightstalker 3
a: no special abilities


You were on level 2 of the Dungeon.
You visited 1 branch of the dungeon, and saw 2 of its levels.

You collected 31 gold pieces.

Inventory:

Hand Weapons
 a - a +1 dagger (weapon)
Armour
 b - a +0 robe (worn)
 i - a +0 buckler
Jewellery
 f - an uncursed ring of magical power {unknown}
 h - an uncursed ring of positive energy {unknown}
Scrolls
 d - a scroll of identify {unknown}
 g - a scroll of amnesia {unknown}
Potions
 c - a potion of lignification {unknown}
 e - a potion of curing {unknown}


   Skills:
 - Level 0.2 Fighting
 + Level 1.9 Short Blades
 + Level 2.7 Dodging
 + Level 4.2 Stealth
 + Level 2.6 Spellcasting
 + Level 3.3 Hexes


You had 6 spell levels left.
You knew the following spells:

 Your Spells              Type           Power        Failure   Level
a - Corona                Hex            13%          4%          1

Your spell library contained the following spells:

 Spells                   Type           Power        Failure   Level
 Ensorcelled Hibernation  Hex/Ice        14%          14%         2
 Confusing Touch          Hex            12%          14%         3
 Tukima's Dance           Hex            12%          14%         3
 Dazzling Flash           Conj/Hex       14%          28%         3


Dungeon Overview and Level Annotations

Branches:
Dungeon (2/15)

Altars:
Xom
Zin


Innate Abilities, Weirdness & Mutations

You are small and have problems with some larger weapons.
You are completely attuned to the shadows.


Message History

The hobgoblin is heavily wounded.
The hobgoblin hits you.
* * * LOW HITPOINT WARNING * * *
There is a stone staircase leading down here.
There is a stone staircase leading up here.
A hobgoblin comes into view. It is wielding a +0 club.
The hobgoblin hits you but does no damage.
An ooze comes into view.
The ooze quivers.
Found 16 gold pieces.
Found a shimmering altar of Xom.
The ooze jiggles.
The ooze hits you but does no damage.
An adder comes into view.
The adder hisses angrily.
You hear a shout!
Found a glowing silver altar of Zin.
An adder and an orc come into view.
The adder hisses angrily.
The orc shouts!
The adder bites you.
You die...

.# #.# ># #.#########
.# #.........# .#
#.#######.####. .# #.#
.......$.. )#######.#
........._ ..(.....g#
.....J.###
####..........###g.#..
#w##..... #@..#A.
#.##.#### #...S.#..
#.#... .S.....###
.#.##..o._ #. ....


You could see an angel (mute), an ooze, 2 adders, an orc and a hobgoblin.

Vanquished Creatures
  A giant cockroach (D:1)
  3 goblins
  2 hobgoblins (D:1)
  3 jackals (D:1)
  2 bats (D:1)
  A frilled lizard (D:1)
  10 kobolds
  3 rats (D:1)
25 creatures vanquished.

Notes
Turn   | Place    | Note
-------+----------+-------------------------------------------
     0 | D:1      | Darold the Kobold Enchanter began the quest for the Orb.
     0 | D:1      | Reached XP level 1. HP: 10/10 MP: 3/3
   607 | D:1      | Reached XP level 2. HP: 15/15 MP: 5/5
  1338 | D:1      | Reached XP level 3. HP: 19/19 MP: 6/6
  1613 | D:2      | Upgraded the game from 0.26.1-2-gb8aa6d0cf2 to
                  | 0.26.1-10-gdfb7c7de75
  1752 | D:2      | Found a shimmering altar of Xom.
  1753 | D:2      | Noticed an angel
  1755 | D:2      | Found a glowing silver altar of Zin.
  1757 | D:2      | Slain by an adder

Illustrated notes

Levels and vault maps discovered:
D:1:      lemuel_arrival_behind_the_door_small, layout_loops_cross,
          due_unseen_surprise
D:2:      layout_loops_ring, grunt_temple_overflow_order_and_chaos_1,
          small_statue_intersection, uniq_terence, uniq_natasha

Action                   || total
-------------------------++-------
Melee: Dagger            ||   104
 Stab: Sleeping          ||    13
Armor: Robe              ||    10
Dodge: Dodged            ||    71
